 Dungeon Crawl Stone Soup version 0.16-a0-2040-g47efe85 (webtiles) character file.

2460 Samadhi the Arsonist (level 9, -7/71 HPs)
             Began as a Salamander Fire Elementalist on Nov 11, 2014.
             Was a Priest of Vehumet.
             Mangled by an ice beast (24 damage)
             ... on level 7 of the Dungeon.
             The game lasted 01:09:19 (7609 turns).

Samadhi the Arsonist (Salamander Fire Elementalist) Turns: 7609, Time: 01:09:20

Health: -7/71      AC:  6    Str:  8    XL:     9   Next: 26%
Magic:  20/20      EV: 10    Int: 19    God:    Vehumet [***...]
Gold:   269        SH:  0    Dex: 14    Spells: 4 memorised, 3 levels left

rFire  + . .     SeeInvis .     a - +1 glaive (distort)
rCold  x . .     Clarity  .     n - +0 leather armour
rNeg   . . .     SustAb   .     (no shield)
rPois  .         Gourm    .     (no helmet)
rElec  .         Spirit   .     (no cloak)
rCorr  .         Warding  .     j - +0 pair of gloves
rMut   .         Stasis   .     (no barding)
MR     +....                    (no amulet)
Stlth  ++........               (no ring)
                                (no ring)

@: slow, somewhat resistant to hostile enchantments, unstealthy
A: fiery attack, fire resistance 1, slowness 1, tough skin 2, cold vulnerability
1
a: Renounce Religion


You were on level 7 of the Dungeon.
You worshipped Vehumet.
Vehumet was most pleased with you.
You were not hungry.

You visited 1 branch of the dungeon, and saw 7 of its levels.

You collected 365 gold pieces.
You spent 96 gold pieces at shops.

Inventory:

Hand weapons
 a - a +1 glaive of distortion (weapon)
 b - a +0 shortbow
Missiles
 i - 101 stones (quivered)
 B - 60 arrows
Armour
 j - a +0 pair of gloves (worn)
 n - a +0 leather armour (worn)
 C - a +0 robe
Jewellery
 y - an uncursed ring of ice
Scrolls
 e - 3 scrolls of fear
 h - 5 scrolls of fog
 l - 2 scrolls of magic mapping
 p - a scroll of teleportation
 q - a scroll of identify
 t - 2 scrolls of remove curse
 u - a scroll of enchant armour {unknown}
Potions
 f - a potion of invisibility
 k - 2 potions of magic {unknown}
 m - a potion of cancellation
 o - a potion of flight
 v - 3 potions of agility
 w - 3 potions of curing
 x - a potion of brilliance
Books
 A - a book of Flames

   Spells                             Type                      Level
   *Flame Tongue                      Conjuration/Fire             1
   Throw Flame                        Conjuration/Fire             2
   *Conjure Flame                     Conjuration/Fire             3
   *Inner Flame                       Hexes/Fire                   3
   *Sticky Flame                      Conjuration/Fire             4
   Fireball                           Conjuration/Fire             5
 D - a Fen Folio

   Spells                             Type                      Level
   Corpse Rot                         Necromancy                   2
   Stone Arrow                        Conjuration/Earth            3
   Leda's Liquefaction                Hexes/Earth                  4
   Summon Forest                      Summoning/Translocation      5
   Hydra Form                         Transmutation                6
   Summon Hydra                       Summoning                    7
Comestibles
 c - 2 bread rations
 d - 6 meat rations
 g - 3 chunks of flesh
 r - 3 fruits
 s - a beef jerky


   Skills:
 - Level 4.0 Fighting
 + Level 5.2 Polearms
 - Level 2.0 Dodging
 - Level 4.5 Stealth
 + Level 3.3 Spellcasting
 - Level 7.1 Conjurations
 - Level 10.5 Fire Magic


You had 3 spell levels left.
You knew the following spells:

 Your Spells              Type           Power        Failure   Level  Hunger
a - Flame Tongue          Conj/Fire      #####        1%          1    None
b - Conjure Flame         Conj/Fire      #####...     1%          3    ###....
c - Inner Flame           Hex/Fire       ###.....     1%          3    ###....
d - Sticky Flame          Conj/Fire      #####...     1%          4    ####...


Dungeon Overview and Level Annotations

Branches:
Dungeon (7/15)             Temple (0/1) D:4

Altars:
Cheibriados
Dithmenos
Elyvilon
Fedhas
Gozag
Kikubaaqudgha
Makhleb
Nemelex Xobeh
Qazlal
Ru
Vehumet
Xom
Yredelemnul

Shops:
D:5 ?

Annotations:
D:5 Banquo's ghost, experienced SaAK
D:6 Grinder
D:7 Menkaure


Innate Abilities, Weirdness & Mutations

You cannot wear boots.
Your flesh is heat resistant.
You cover ground slowly.
You have very tough skin (AC +2).
You are vulnerable to cold.


Message History

Level annotation: Grinder
There is a stone staircase leading up here.
You see here 15 stones.
There is a stone staircase leading down here.
You climb downwards.
A bat, an ice beast and Menkaure come into view.
Menkaure shouts!
The ice beast hits you. The ice beast freezes you!!
You feel a terrible chill!
Menkaure calls on the powers of darkness!
The ice beast convulses!
Your body is wracked with pain!
The ice beast hits you but does no damage.
A rat comes into view.
There is a stone staircase leading up here.
Menkaure gestures at you while chanting.
Pain shoots through your body!
* * * LOW HITPOINT WARNING * * *
The ice beast hits you.
* * * LOW HITPOINT WARNING * * *
The ice beast freezes you!!
You feel a terrible chill!
You die...

. #............#
#.#.#
#.#.#.##.#.....
....#
.#.##.#.#.######.###
.. .....# #.#
##.##.#... #.#
......... #.#
#.##... .... ..#
#.....# #@#
#..rM.Y.....#
.....####.##### ####
.# #


You could see an ice beast, Menkaure and a rat.

Vanquished Creatures
  Pikel (D:4)
  Edmund (D:5)
  An ice beast (D:6)
  2 sky beasts
  A slave (D:4)
  4 ogres
  An orc warrior (D:7)
  A centaur (D:5)
  2 giant frogs
  Blork the orc (D:7)
  2 scorpions
  4 jellies
  4 orc priests
  3 hounds
  2 crimson imps
  6 orc wizards
  2 worker ants
  Jessica (D:2)
  An ogre skeleton (D:7)
  A hound zombie (D:6)
  13 adders
  A giant mite (D:3)
  2 worms
  3 shadow imps
  2 orc skeletons
  A giant gecko (D:5)
  2 oozes
  18 orcs
  A bat skeleton (D:4)
  2 bat zombies
  2 giant cockroaches (D:1)
  13 hobgoblins
  15 jackals
  3 kobolds
  5 quokkas
  14 bats
  4 giant newts
  14 goblins
  12 rats
168 creatures vanquished.

Vanquished Creatures (others)
  2 slaves (D:5)
  A giant frog (D:5)
  An orc (D:6)
  2 jackals (D:5)
  A ball python (D:5)
7 creatures vanquished.

Grand Total: 175 creatures vanquished

Notes
Turn   | Place    | Note
--------------------------------------------------------------
     0 | D:1      | Samadhi, the Salamander Fire Elementalist, began the quest for the Orb.
     0 | D:1      | Reached XP level 1. HP: 14/14 MP: 3/3
   490 | D:1      | Reached XP level 2. HP: 20/20 MP: 1/5
  1078 | D:2      | Reached skill level 5 in Fire Magic
  1078 | D:2      | Reached XP level 3. HP: 20/26 MP: 1/7
  1200 | D:2      | Found a snail-covered altar of Cheibriados.
  1239 | D:2      | The goblin unwields an uncursed dagger. The goblin wields a hunting sling. The goblin shoots a poisoned sling bullet. The poisoned sling bullet hits you! _You are lethally poisoned!
  1239 | D:2      | Not cool, bro
  1568 | D:2      | Learned a level 3 spell: Conjure Flame
  1790 | D:1      | Reached XP level 4. HP: 33/33 MP: 6/8
  1866 | D:2      | Reached skill level 6 in Fire Magic
  2239 | D:2      | Found a stormy altar of Qazlal.
  2458 | D:2      | Noticed Jessica
  2472 | D:2      | Killed Jessica
  2472 | D:2      | Reached skill level 7 in Fire Magic
  2472 | D:2      | Reached XP level 5. HP: 38/38 MP: 2/11
  2689 | D:3      | Found a blossoming altar of Fedhas.
  2690 | D:3      | Found a shadowy altar of Dithmenos.
  2690 | D:3      | Found a white marble altar of Elyvilon.
  2693 | D:3      | Found a sparkling altar of Nemelex Xobeh.
  2694 | D:3      | Found a radiant altar of Vehumet.
  2694 | D:3      | Found a shimmering altar of Xom.
  2725 | D:3      | Became a worshipper of Vehumet
  2860 | D:3      | Found an ancient bone altar of Kikubaaqudgha.
  2903 | D:3      | Noticed an ogre
  2919 | D:3      | Killed an ogre
  2919 | D:3      | Reached skill level 8 in Fire Magic
  3060 | D:3      | Reached XP level 6. HP: 45/45 MP: 7/12
  3349 | D:3      | Found a sacrificial altar of Ru.
  3487 | D:4      | Found a staircase to the Ecumenical Temple.
  3574 | D:4      | Reached skill level 1 in Fighting
  4028 | D:4      | Found a burning altar of Makhleb.
  4271 | D:5      | Entered Level 5 of the Dungeon
  4277 | D:5      | Acquired Vehumet's first power
  4277 | D:5      | Offered knowledge of Sting by Vehumet.
  4298 | D:5      | Noticed Banquo's ghost (experienced SaAK)
  4353 | D:4      | Learned a level 3 spell: Inner Flame
  4431 | D:5      | Noticed Pikel
  4687 | D:5      | Gained mutation: Your flesh is heat resistant. [salamander growth]
  4687 | D:5      | Gained mutation: You cover ground slowly. [salamander growth]
  4687 | D:5      | Reached XP level 7. HP: 56/56 MP: 11/14
  4889 | D:5      | Reached skill level 1 in Polearms
  4963 | D:4      | Killed Pikel
  4963 | D:4      | Reached XP level 8. HP: 43/62 MP: 3/16
  5069 | D:5      | Found an opulent altar of Gozag.
  5178 | D:5      | Found a basalt altar of Yredelemnul.
  5467 | D:5      | Found Kuadaawe's Magic Scroll Boutique.
  5483 | D:5      | Bought a scroll of random uselessness for 12 gold pieces
  5485 | D:5      | Bought a scroll of identify for 24 gold pieces
  5485 | D:5      | Bought a scroll of identify for 24 gold pieces
  5507 | D:5      | Found a burning altar of Makhleb.
  5537 | D:5      | Noticed Edmund
  5548 | D:5      | Killed Edmund
  5637 | D:5      | Reached skill level 9 in Fire Magic
  5809 | D:5      | Bought a scroll of remove curse for 36 gold pieces
  5833 | D:6      | Offered knowledge of Sandblast by Vehumet.
  5945 | D:6      | Noticed Grinder
  5998 | D:6      | Reached skill level 10 in Fire Magic
  6765 | D:5      | Reached XP level 9. HP: 59/71 MP: 18/18
  6835 | D:6      | Offered knowledge of Dazzling Spray by Vehumet.
  7144 | D:6      | Learned a level 4 spell: Sticky Flame
  7388 | D:7      | Acquired Vehumet's second power
  7404 | D:7      | Got a faintly glowing ring mail
  7410 | D:7      | Identified the cursed -2 ring mail "Cufy" {Int+3 Dex+3} (You found it on level 7 of the Dungeon)
  7455 | D:7      | Reached skill level 5 in Polearms
  7503 | D:7      | Noticed Blork the orc
  7513 | D:7      | Killed Blork the orc
  7608 | D:7      | Noticed Menkaure
  7609 | D:7      | Mangled by an ice beast

Action                   |  1- 3 |  4- 6 |  7- 9 || total
-------------------------+-------+-------+-------++-------
Melee: Unarmed           |     9 |       |       ||     9
       Spear             |    12 |    13 |       ||    25
       Trident           |       |    47 |    94 ||   141
       Glaive            |       |       |     1 ||     1
Throw: Stone             |       |       |     3 ||     3
 Cast: Flame Tongue      |    56 |   140 |   209 ||   405
       Conjure Flame     |       |     5 |     8 ||    13
  Use: Potion            |     2 |       |       ||     2
       Scroll            |       |       |    12 ||    12
 Stab: Sleeping          |       |       |     1 ||     1
  Eat: Chunk             |     4 |     9 |     9 ||    22
       Beef jerky        |       |     1 |       ||     1
       Royal jelly       |       |       |     1 ||     1
       Pizza             |       |       |     1 ||     1
